 Dungeon Crawl Stone Soup version 0.20-a0-647-gf178af5 (webtiles) character file.

56 Aksej the Sneak (level 3, -4/24 HPs)
             Began as an Octopode Assassin on Feb 15, 2017.
             Slain by a hobgoblin
             ... wielding a cursed -1 club
              (5 damage)
             ... on level 1 of the Dungeon.
             The game lasted 00:02:12 (859 turns).

Aksej the Sneak (Octopode Assassin)                  Turns: 859, Time: 00:02:12

Health: -4/24      AC:  1    Str: 10    XL:     3   Next: 97%
Magic:  3/3        EV: 13    Int: 13    God:
Gold:   30         SH:  0    Dex: 14    Spells: 2/2 levels left

rFire    . . .     SeeInvis .   a - +2 dagger
rCold    . . .     Gourm    .   (no shield)
rNeg     . . .     Faith    .   (helmet restricted)
rPois    .         Spirit   .   (no amulet)
rElec    .         Reflect  .   (no ring)
rCorr    .         Harm     .   (no ring)
MR       .....                  (no ring)
Stlth    ++++......             (no ring)
Regen    0.1/turn               (no ring)
MPRegen  0.1/turn               (no ring)
                                (no ring)
                                (no ring)

@: no status effects
A: almost no armour, stealthy swim, amphibious, 8 rings, constrict 8, camouflage
1, gelatinous body 1
a: no special abilities


You were on level 1 of the Dungeon.
You were not hungry.

You visited 1 branch of the dungeon, and saw 2 of its levels.

You collected 30 gold pieces.

Inventory:

Hand Weapons
 a - a +2 dagger (weapon)
 b - a +0 blowgun
Missiles
 c - 8 poisoned needles
 d - 2 curare-tipped needles
Scrolls
 k - 2 scrolls of remove curse
Comestibles
 f - 2 bread rations
 g - 4 fruits
 h - 4 chunks of flesh
 m - 2 meat rations


   Skills:
 + Level 2.2 Fighting
 * Level 2.7 Short Blades
 + Level 2.0 Throwing
 + Level 1.1 Dodging
 + Level 6.7 Stealth


You had 2 spell levels left.
You didn't know any spells.

Dungeon Overview and Level Annotations

Branches:
Dungeon (2/15)

Altars:


Innate Abilities, Weirdness & Mutations

You cannot wear most types of armour.
You are very stealthy in the water. (Stealth+)
You are amphibious.
You can wear up to eight rings at the same time.
You can use your tentacles to constrict eight enemies at once.
Your skin changes colour to match your surroundings (Stealth+).
Your rubbery body absorbs attacks. (AC +1, EV +1)


Message History

You climb upwards.
There is a stone staircase leading down here.
You hit the gnoll. You grab the gnoll.
The gnoll is moderately wounded.
You constrict the gnoll. The hobgoblin hits you with a club.
The gnoll closely misses you.
You hit the gnoll. You squeeze the gnoll!
You kill the gnoll!
The gnoll hits you. The hobgoblin hits you with a club.
The worm closely misses you.
You barely miss the gnoll. You grab the gnoll.
You constrict the gnoll, but do no damage.
The gnoll hits you!
* * * LOW HITPOINT WARNING * * *
Unknown command.
You hit the gnoll.
The gnoll is lightly wounded.
You constrict the gnoll, but do no damage.
The hobgoblin hits you with a club.
You die...

.......# #.........#
#..'....... ....##.#
#..##.....# #.##8..8..8
....##.###..##.....#
#.###......
######......########
#.#.##..... #.###.##
#....##...♣ #.# #.#
###.###...♣ ### #.# #.# #.#
#...♣ ..# #.###.########
#.# #...♣ ..#
#.........g@)## #.# #.♣♣♣
..##############gw.######.#
♣♣♣ .....# #.#...>....#
..##.### #...########
.......# ##### ..##.#.#
#.##...# #.###..# #......#


You could see a worm, a gnoll and a hobgoblin.

Vanquished Creatures
  2 gnolls (D:1)
  An adder (D:2)
  A dart slug (D:1)
  2 leopard geckos (D:1)
  A giant cockroach (D:1)
  A goblin (D:1)
  A hobgoblin (D:1)
  6 kobolds (D:1)
  A quokka (D:2)
  A ball python (D:1)
  2 bats (D:1)
  4 frilled lizards
  3 rats
26 creatures vanquished.

Notes
Turn   | Place    | Note
-------+----------+-------------------------------------------
     0 | D:1      | Aksej the Octopode Assassin began the quest for the Orb.
     0 | D:1      | Reached XP level 1. HP: 14/14 MP: 1/1
   232 | D:1      | Reached XP level 2. HP: 19/19 MP: 2/2
   709 | D:2      | Reached XP level 3. HP: 24/24 MP: 3/3
   713 | D:2      | Reached skill level 6 in Stealth
   858 | D:1      | HP: 1/24 [gnoll (7)]
   859 | D:1      | Slain by a hobgoblin

Vault maps used:
D:1:      kennysheep_arrival_forest, minmay_crystal_room
D:2:      old_standard_altar, first_bread, kennysheep_cross_room

Skill      XL: |  1  2  3 |
---------------+----------+-----
Stealth        | 6 |  6.7
Fighting       | |  2.2
Short Blades   | |  2.7
Throwing       | |  2.0
Dodging        | |  1.1

Action                   || total
-------------------------++-------
Melee: Dagger            ||    36
       Constrict         ||    10
       Tentacles         ||     4
  Use: Scroll            ||     5
 Stab: Sleeping          ||    13
Dodge: Dodged            ||    20
